 Dungeon Crawl Stone Soup version 0.16-a0-1982-g8124c91 (webtiles) character file.

264 timbw the Chopper (level 6, -3/32 HPs)
             Began as a Vine Stalker Fighter on Nov 8, 2014.
             Killed from afar by an orc wizard (4 damage)
             ... with a magic dart
             ... on level 4 of the Dungeon.
             The game lasted 00:02:12 (433 turns).

timbw the Chopper (Vine Stalker Fighter)             Turns: 433, Time: 00:02:12

Health: -3/32      AC:  6    Str: 18    XL:     6   Next: 19%
Magic:  0/17       EV:  9    Int:  8    God:
Gold:   104        SH:  0    Dex: 16    Spells: 0 memorised, 5 levels left

rFire  . . .     SeeInvis .     a - +0 war axe
rCold  . . .     Clarity  .     b - +0 scale mail
rNeg   . . .     SustAb   .     (no shield)
rPois  .         Gourm    .     (no helmet)
rElec  .         Spirit   +     (no cloak)
rCorr  .         Warding  .     (no gloves)
rMut   .         Stasis   .     (no boots)
MR     .....                    (no amulet)
Stlth  ..........               (no ring)
                                h - ring of magical power

@: slowed, very slow, not resistant to hostile enchantments, extremely
unstealthy
A: fangs 2, regeneration 2, magic shield, antimagic bite, no device heal 3, rot
immunity
a: no special abilities


You were on level 4 of the Dungeon.
You were not hungry.

You visited 1 branch of the dungeon, and saw 4 of its levels.

You collected 104 gold pieces.

Inventory:

Hand weapons
 a - a +0 war axe (weapon)
Armour
 b - a +0 scale mail (worn)
 e - a +0 scale mail
Jewellery
 h - a ring of magical power (left hand)
Scrolls
 g - 2 scrolls of identify {unknown}
 k - a scroll of immolation {unknown}
Potions
 c - a potion of curing
 j - a potion of flight {unknown}
Comestibles
 d - a bread ration
 f - a slice of pizza
 i - 5 chunks of flesh


   Skills:
 - Level 2.6 Fighting
 + Level 5.7 Axes
 - Level 2.4 Armour
   Level 2.6 Shields


You had 5 spell levels left.
You didn't know any spells.

Dungeon Overview and Level Annotations

Branches:
Dungeon (4/15)
 Temple: D:4-7

Altars:


Innate Abilities, Weirdness & Mutations

You have extremely sharp teeth.
You heal very quickly.
When hurt, damage is shared between your health and your magic reserves.
Your bite disrupts and absorbs the magic of your enemies.
Potions and wands cannot restore your health.
You are immune to rotting.


Message History

You hit the orc wizard but do no damage.
The orc wizard is heavily wounded.
You barely miss the ogre.
The orc wizard hits you but does no damage.
The orc wizard casts a spell.
The orc wizard flickers and vanishes!
Deactivating autopickup; reactivate with Ctrl-A.
The orc wizard falters for a moment.
The ogre hits you with a giant spiked club!
The orc wizard hits you but does no damage.
Something hits you but does no damage.
You slash the orc wizard!
You kill the orc wizard!
You hit something. You slash the ogre!
The ogre is moderately wounded.
The ogre hits you with a giant spiked club!!
* * * LOW HITPOINT WARNING * * *
You hear some strange, mumbled words.
The magic dart hits you!
You die...

#..###.###.# #...
.##...#..##..# ##...
#....(.......#####....
#.......#...........
#...................
#...........(....†..
##....###..........†.
##..[o.# ###).####....
#...)@## ##.........
#....O{# #.####..#.
#......# .## #..##
......(.# . ##.#
.###..... # #.# ##....
..# ..#.. ..# ##.##..
#


You could see an ogre and an orc wizard.

Vanquished Creatures
  Duvessa (D:4)
  A scorpion (D:3)
  Dowan (D:4)
  An orc wizard (D:4)
  A worker ant (D:4)
  Jessica (D:2)
  2 adders (D:4)
  2 orcs (D:4)
  2 giant cockroaches (D:2)
  2 goblins
  4 hobgoblins
  4 jackals (D:4)
  2 kobolds
  A quokka (D:2)
  4 bats
  2 giant newts
  A rat (D:2)
32 creatures vanquished.

Notes
Turn   | Place    | Note
--------------------------------------------------------------
     0 | D:1      | timbw, the Vine Stalker Fighter, began the quest for the Orb.
     0 | D:1      | Reached XP level 1. HP: 11/11 MP: 1/1
   107 | D:2      | Noticed Jessica
   123 | D:2      | Killed Jessica
   123 | D:2      | Reached skill level 3 in Axes
   123 | D:2      | Reached XP level 2. HP: 8/16 MP: 3/3
   123 | D:2      | Reached XP level 3. HP: 9/19 MP: 4/4
   221 | D:3      | Noticed a scorpion
   230 | D:3      | Killed a scorpion
   230 | D:3      | Reached skill level 4 in Axes
   230 | D:3      | Reached XP level 4. HP: 8/23 MP: 5/5
   326 | D:4      | Noticed Duvessa
   328 | D:4      | Noticed Dowan
   338 | D:4      | Killed Dowan
   338 | D:4      | Reached XP level 5. HP: 11/27 MP: 7/7
   342 | D:4      | Killed Duvessa
   342 | D:4      | Reached skill level 5 in Axes
   368 | D:4      | Gained mutation: You heal very quickly. [vine stalker growth]
   368 | D:4      | Reached XP level 6. HP: 18/32 MP: 8/8
   423 | D:4      | Noticed an ogre
   433 | D:4      | HP: 1/32 [ogre/giant spiked club (11)]
   433 | D:4      | Killed from afar by an orc wizard

Action                   |  1- 3 |  4- 6 || total
-------------------------+-------+-------++-------
Melee: War axe           |    51 |    44 ||    95
  Use: Potion            |       |     2 ||     2
